 Dungeon Crawl Stone Soup version 0.20-a0-642-g4ff03ff (webtiles) character file.

323 FrankyJ the Ducker (level 6, -3/24 HPs)
             Began as a Felid Conjurer on Feb 14, 2017.
             Was an Initiate of Dithmenos.
             Killed by divine providence
             ... invoked by an orc priest
              (13 damage)
             ... on level 5 of the Dungeon.
             The game lasted 00:22:21 (5366 turns).

FrankyJ the Ducker (Felid Conjurer)                 Turns: 5366, Time: 00:22:22

Health: -3/24      AC:  2    Str:  4    XL:     6   Next: 23%
Magic:  8/13       EV: 22    Int: 18    God:    Dithmenos [......]
Gold:   183        SH:  0    Dex: 17    Spells: 11/14 levels left
                                        Lives:  0   Deaths: 1

rFire    . . .     SeeInvis +   (weapon unavailable)
rCold    . . .     Gourm    .   (armour unavailable)
rNeg     . . .     Faith    +   (shield unavailable)
rPois    .         Spirit   .   (helmet unavailable)
rElec    .         Reflect  .   (cloak unavailable)
rCorr    .         Harm     .   (gloves unavailable)
MR       .....                  (boots unavailable)
Stlth    ++++......             j - amulet of faith
Regen    0.1/turn               (no ring)
MPRegen  0.2/turn               (no ring)

@: quick
A: no armour, no weapons or thrown items, stealth, claws 1, fangs 3, see
invisible, carnivore 3, speed 1, shaggy fur 2, slow metabolism 1, sharp paws
a: Renounce Religion


You were on level 5 of the Dungeon.
You worshipped Dithmenos.
Dithmenos was noncommittal.
You were full.

You visited 1 branch of the dungeon, and saw 5 of its levels.

You collected 183 gold pieces.

Inventory:

Hand Weapons
 p - a +0 rapier
Jewellery
 j - an amulet of faith (around neck)
Wands
 u - a wand of clouds (7/9)
Scrolls
 c - 3 scrolls of teleportation {unknown}
 d - 2 scrolls of remove curse {unknown}
 e - 5 scrolls of magic mapping {unknown}
 f - a scroll of identify {unknown}
 g - a scroll of noise {unknown}
 i - 2 scrolls of random uselessness {unknown}
 k - 2 scrolls of recharging {unknown}
 m - a scroll of amnesia {unknown}
 o - 2 scrolls of enchant armour {unknown}
 t - a scroll of blinking {unknown}
Potions
 h - 2 potions of curing {unknown}
 l - 3 potions of lignification
 n - a potion of brilliance {unknown}
 r - 3 potions of invisibility {unknown}
Books
 a - a book of Conjurations

   Spells                             Type                      Level
   a - Magic Dart                     Conjuration                  1
   b - Searing Ray                    Conjuration                  2
   c - Dazzling Spray                 Conjuration/Hexes            3
   d - Fulminant Prism                Conjuration/Hexes            4
   e - Force Lance                    Conjuration/Translocation    4
   f - Iskenderun's Mystic Blast      Conjuration                  4
Comestibles
 b - 3 meat rations
 s - 3 royal jellies


   Skills:
 + Level 6.7 Dodging
 - Level 5.2 Stealth
 + Level 4.5 Spellcasting
 - Level 3.6 Conjurations


You had 11 spell levels left.
You knew the following spells:

 Your Spells              Type           Power        Failure   Level  Hunger
a - Magic Dart            Conj           ###.         3%          1    None
b - Searing Ray           Conj           ###...       6%          2    #......


Dungeon Overview and Level Annotations

Branches:
Dungeon (5/15)
 Temple: D:4-7

Altars:
Dithmenos
Fedhas
Gozag
Makhleb
Qazlal
Uskayaw
Xom

Annotations:
D:2 1 runed door


Innate Abilities, Weirdness & Mutations

You cannot wear armour.
You are incapable of wielding weapons or throwing items.
Your paws allow you to move quietly. (Stealth)
You have sharp claws.
You have razor-sharp teeth.
You have supernaturally acute eyesight. (SInv)
You are carnivorous and can eat meat at any time.
You cover ground quickly.
You are covered in thick fur. (AC +2)
You have a slow metabolism.
Your sharp claws are effective at attacking unaware monsters.


Message History

The orc priest shouts! (Press . to maintain the ray.)
The orc shouts!
The orc hits you.
The searing ray hits the orc priest.
The orc priest is moderately wounded.
The orc misses you.
The searing ray hits the orc priest.
The orc priest is moderately wounded.
The orc priest mumbles some strange prayers to Beogh against you.
Pain shoots through your body!
Ouch! That really hurt!
The orc completely misses you.
The searing ray hits the orc priest.
The orc priest is severely wounded.
You finish channeling your searing ray.
The orc priest invokes the aid of Beogh against you.
Beogh smites you!
Ouch! That really hurt!
You die...

############
#..........#
#..........#
#..........#
###...o.o....# #
#.....@o.....#
#.###.####+#####
#..<.........
#.#.#.####.## #
#...# #####


You could see an orc priest and 2 orcs.

Vanquished Creatures
  A scorpion (D:4)
  A water moccasin skeleton (D:4)
  A crimson imp (D:3)
  The ghost of arn the Ruffian, a weakling VSMo (D:4)
  2 orc priests (D:4)
  2 orc wizards (D:4)
  Ijyb (D:2)
  A bullfrog skeleton (D:4)
  Terence (D:2)
  A hound skeleton (D:4)
  4 gnolls
  2 adders (D:2)
  3 worms
  A dart slug (D:1)
  5 leopard geckos
  11 orcs
  4 giant cockroaches
  3 goblins
  9 hobgoblins
  3 quokkas
  A ball python (D:2)
  6 bats
  6 frilled lizards
  8 kobolds
  3 rats
81 creatures vanquished.

Notes
Turn   | Place    | Note
-------+----------+-------------------------------------------
     0 | D:1      | FrankyJ the Felid Conjurer began the quest for the Orb.
     0 | D:1      | Reached XP level 1. HP: 7/7 MP: 4/4
   394 | D:1      | Reached skill level 3 in Dodging
   611 | D:1      | Reached XP level 2. HP: 11/11 MP: 3/6
   643 | D:1      | Learned a level 2 spell: Searing Ray
  1211 | D:2      | Reached XP level 3. HP: 14/14 MP: 3/7
  1586 | D:2      | Noticed Ijyb
  1597 | D:2      | Killed Ijyb
  1597 | D:2      | Reached skill level 4 in Dodging
  1597 | D:2      | Reached XP level 4. HP: 12/18 MP: 1/8
  1727 | D:2      | Noticed Terence
  1846 | D:2      | Killed Terence
  2590 | D:2      | Found a runed door.
  2676 | D:2      | Reached XP level 5. HP: 21/21 MP: 3/10
  2875 | D:3      | Found a shimmering altar of Xom.
  2875 | D:3      | Found a burning altar of Makhleb.
  2881 | D:3      | Reached skill level 5 in Stealth
  3552 | D:3      | Reached skill level 5 in Dodging
  4029 | D:4      | Noticed arn's ghost (weakling VSMo)
  4050 | D:4      | Killed arn's ghost
  4144 | D:4      | Gained mutation: You are covered in thick fur. (AC +2) [Felid growth]
  4144 | D:4      | Reached XP level 6. HP: 24/24 MP: 6/12
  4229 | D:4      | Found a hide-covered altar of Uskayaw.
  4436 | D:4      | Reached skill level 6 in Dodging
  4441 | D:4      | Killed from afar by an orc priest
  4442 | D:4      | Reached XP level 5. HP: -4/31 MP: 8/12
  4516 | D:4      | Found a stormy altar of Qazlal.
  4610 | D:4      | Noticed a phantom
  4627 | D:4      | Found an opulent altar of Gozag.
  4684 | D:4      | Reached XP level 6. HP: 14/24 MP: 3/13
  5022 | D:4      | Found a blossoming altar of Fedhas.
  5291 | D:4      | Found a shadowy altar of Dithmenos.
  5299 | D:4      | Became a worshipper of Dithmenos the Shadowed
  5357 | D:5      | Entered Level 5 of the Dungeon
  5366 | D:5      | Killed from afar by an orc priest

Vault maps used:
D:1:      erik_arrival_triangle_medium
D:2:      first_bread, serial_bayou_pond_e, uniq_crazy_yiuf_cottage, uniq_iyjb,
          uniq_terence
D:3:      grunt_temple_overflow_champion_of_chaos
D:4:      nicolae_overflow_quartered_altars, fedhas_altar_4
D:5:      minmay_temple_entry_glassed_door, minmay_misc_feat_alley

Skill      XL: |  1  2  3  4  5  6 |
---------------+-------------------+-----
Dodging        | 3 4 5 6 |  6.7
Stealth        | 3 4 5 |  5.2
Spellcasting   | 3 4 |  4.5
Conjurations   | |  3.6

Action                   |  1- 3 |  4- 6 || total
-------------------------+-------+-------++-------
Melee: Unarmed           |    28 |    22 ||    50
       Bite              |     2 |       ||     2
 Cast: Magic Dart        |    28 |    30 ||    58
       Searing Ray       |    10 |    51 ||    61
  Use: Potion            |       |     1 ||     1
 Stab: Sleeping          |       |     2 ||     2
  Eat: Chunk             |     9 |    10 ||    19
Armor: Skin              |     1 |    21 ||    22
Dodge: Dodged            |    26 |    39 ||    65
